 Dungeon Crawl Stone Soup version 0.31.0-11-ge490571c62 (webtiles) character file.

Game seed: 14244160075167859650

8538 croobank the Covert (level 11, -8/56 HPs)
             Began as a Felid Summoner on Feb 4, 2024.
             Was a Believer of Kikubaaqudgha.
             Mangled by a seven-headed hydra (9 damage)
             ... on level 10 of the Dungeon.
             The game lasted 00:33:42 (12673 turns).

croobank the Covert (Felid Summoner)               Turns: 12673, Time: 00:33:42

Health: -8/56      AC:  6    Str:  4    XL:     11   Next: 11%
Magic:  7/21       EV: 23    Int: 22    God:    Kikubaaqudgha [**....]
Gold:   96         SH:  0    Dex: 18    Spells: 8/22 levels left
                                        Lives:  0   Deaths: 4

rFire   + . .        (weapon unavailable)
rCold   . . .        (shield unavailable)
rNeg    . . .        (body armour unavailable)
rPois   .            (helmet unavailable)
rElec   .            (cloak unavailable)
rCorr   .            (gloves unavailable)
SInv    +            (boots unavailable)
Will    ++...        (no amulet)
Stlth   ++++         j - ring of willpower
HPRegen 0.29/turn    v - +4 ring of protection
MPRegen 0.17/turn

%: no passive effects
@: no status effects
A: very small, claws 1, fangs 3, see invisible, shaggy fur 2, stealthy paws, no
weapons or thrown items, no armour, multi-lived, fire resistance 1, persistent
drain
a: Renounce Religion, Unearth Wretches


You were on level 10 of the Dungeon.
You worshipped Kikubaaqudgha.
Kikubaaqudgha was pleased with you.
You visited 1 branch of the dungeon, and saw 10 of its levels.

You collected 476 gold pieces.
You spent 380 gold pieces at shops.

Inventory:

Jewellery
 j - a ring of willpower (left paw)
 s - a ring of protection from fire
 t - a +6 ring of dexterity
 v - a +4 ring of protection (right paw)
 y - a ring of fire
 z - an amulet of magic regeneration
Wands
 f - a wand of mindburst (4)
 n - a wand of iceblast (4)
 x - a wand of polymorph (21)
Scrolls
 b - 5 scrolls of teleportation
 c - 6 scrolls of fog
 d - a scroll of vulnerability
 h - 2 scrolls of poison
 i - 6 scrolls of identify
 k - 2 scrolls of fear
 l - 2 scrolls of silence
 o - 2 scrolls of butterflies
 p - a scroll of immolation
 r - 2 scrolls of amnesia
 u - 2 scrolls of revelation
Potions
 a - 3 potions of mutation
 e - a potion of enlightenment
 g - 2 potions of lignification
 m - 2 potions of brilliance
 w - a potion of attraction
 A - a potion of haste


   Skills:
 + Level 6.2 Fighting
 + Level 9.1 Dodging
 + Level 9.7 Stealth
 + Level 6.3 Spellcasting
 + Level 7.7 Summonings
 - Level 5.0 Fire Magic
 * Level 6.8 Air Magic


You had 8 spell levels left.
You knew the following spells:

 Your Spells              Type           Power      Damage    Failure   Level
a - Summon Small Mammal   Summ           100%       N/A       1%          1
b - Call Imp              Summ           80%        N/A       1%          2
c - Call Canine Familiar  Summ           40%        N/A       1%          3
d - Summon Blazeheart Go  Fire/Summ      34%        N/A       6%          4
e - Summon Lightning Spi  Summ/Air       38%        N/A       4%          4

Your spell library contained the following spells:

 Spells                   Type           Power      Damage    Failure   Level
 Swiftness                Air            37%        N/A       1%          3
 Foxfire                  Conj/Fire      68%        2x1d7     3%          1
 Cigotuvi's Dreadful Rot  Necr/Alch/Air  32%        N/A       5%          2
 Apportation              Tloc           12%        N/A       9%          1
 Kiss of Death            Conj/Necr      24%        2d7       9%          1
 Necrotise                Necr           24%        1d5       9%          1
 Slow                     Hex            24%        N/A       9%          1
 Sting                    Conj/Alch      24%        1d4       9%          1
 Inner Flame              Hex/Fire       17%        N/A       10%         3
 Ensorcelled Hibernation  Hex/Ice        12%        N/A       14%         2
 Martyr's Knell           Necr/Summ      23%        N/A       19%         4
 Confusing Touch          Hex            6%         N/A       26%         3
 Fugue of the Fallen      Necr           6%         N/A       26%         3
 Passwall                 Erth           6%         N/A       26%         3
 Sigil of Binding         Hex            6%         N/A       26%         3
 Vampiric Draining        Necr           6%         2d6       26%         3
 Flame Wave               Conj/Fire      17%        2d7       32%         4
 Sticky Flame             Fire/Alch      17%        2d5       32%         4
 Silence                  Hex/Air        11%        N/A       52%         5
 Dispel Undead            Necr           6%         3d8       65%         4
 Passage of Golubria      Tloc           6%         N/A       65%         4
 Plasma Beam              Fire/Air       16%        2x1d28    75%         6
 Starburst                Conj/Fire      8%         6d4       99%         6
 Death Channel            Necr           3%         N/A       100%        6
 Lehudib's Crystal Spear  Conj/Erth      3%         10d2      100%        8


Dungeon Overview and Level Annotations

Branches:
Dungeon (10/15)            Temple (0/1) D:5
   Lair: D:8-11         Orc: D:9-12

Altars:
Cheibriados
Fedhas
Gozag
Kikubaaqudgha
Nemelex Xobeh
Qazlal
Sif Muna
Vehumet
Yredelemnul
The Shining One

Shops:
D:4 *   D:8 ?   D:10 *


Innate Abilities, Weirdness & Mutations

You have sharp claws.
You have razor-sharp teeth.
You have supernaturally acute eyesight. (SInv)
You are covered in thick fur. (AC +2)
Your paws help you pounce on unaware monsters.
You are incapable of wielding weapons or throwing items.
You cannot wear armour.
You gain extra lives every three experience levels.
Your flesh is heat resistant. (rF+)
Your health recovers twice as slowly from being drained.


Message History

The seven-headed hydra closely misses you.
The seven-headed hydra bites you but does no damage.
The seven-headed hydra completely misses you.
The seven-headed hydra closely misses you.
Aiming: Mindburst
Press: ? - help, Shift-Dir - straight line, f/p - seven-headed hydra
Aim: a seven-headed hydra (severely wounded, ally target, chance to affect: 29%)
The seven-headed hydra easily resists.
The seven-headed hydra misses you. The seven-headed hydra bites you!
* * * LOW HITPOINT WARNING * * *
The seven-headed hydra barely misses you. x3
The seven-headed hydra bites you but does no damage. x2
Your blazeheart golem punches the seven-headed hydra.
The troll bites your blazeheart golem! The troll claws your blazeheart golem!
The troll barely misses your blazeheart golem.
Found 2 potions of heal wounds.
The seven-headed hydra attacks as it pursues you!
The seven-headed hydra misses you.
The seven-headed hydra completely misses you.
The seven-headed hydra misses you. The seven-headed hydra bites you.
* * * LOW HITPOINT WARNING * * *
The seven-headed hydra completely misses you.
The seven-headed hydra misses you.
The seven-headed hydra barely misses you.
The troll bites your blazeheart golem but does no damage.
The troll claws your blazeheart golem! The troll claws your blazeheart golem.
Casting: Summon Blazeheart Golem (dangerous; 6% risk of failure)
Confirm with . or Enter, or press ? or * to list all spells.
A fiery spirit appears, bound in slag iron.
Your blazeheart golem's core grows cold and it stops moving.
Your blazeheart golem disappears in a puff of smoke!
The seven-headed hydra closely misses you.
The seven-headed hydra bites you!
* * * LOW HITPOINT WARNING * * *
The seven-headed hydra bites you but does no damage.
The seven-headed hydra closely misses you. x2
The seven-headed hydra completely misses you.
The seven-headed hydra bites you!
You die...
Kikubaaqudgha rasps: "You have failed me!
Welcome... death!"

#.#.###.###pc##............
#.##.#:.)#.Q# #............
#..#.##H##.. .##.....###...
##.##.#D#.T# #.#..##.###..#
##..#.###§9# .##.....##...
###...##.#..# #. .....##...
#......#o#.§# !#.##..##.....
##..#.#.##TQ###.###.#.........
#...###..#.§D@.9.....#........
#..##....##.#######..#.......)
#.........##.## ##.#.##....##.
###.......###.###.#...#...###.
####...#...###.#.##.#.##.†)#..
####..........####.##.....#......
.##.....##.....# #.##.#.#.##.....
+#.......#.....###.#.......#..#..
+....#..........##.#.##.##.##.#..


You could see a seven-headed hydra (ally target), an orc knight, a tengu
warrior, a troll and a friendly blazeheart golem (summoned).

Vanquished Creatures
  A two-headed ogre (D:9)
  Erica (D:9)
  Sonja (D:10)
  Pikel (D:9)
  A gargoyle (D:10)
  A komodo dragon (D:10)
  Prince Ribbit (D:7)
  2 wraiths
  2 wyverns
  Eustachio (D:6)
  4 yaks (D:8)
  A nameless horror (D:4)
  A vampire mosquito (D:10)
  A water moccasin (D:8)
  An orc warrior (D:8)
  A black bear (D:7)
  An ogre (D:6)
  3 lemures (D:9)
  A kobold brigand (D:6)
  Blork the orc (D:6)
  7 wights
  4 killer bees
  A howler monkey (D:6)
  An electric eel (D:8)
  A gnoll bouda (D:7)
  2 orc priests (D:8)
  2 iguanas
  3 orc wizards
  6 gnolls
  2 adders
  A white imp (D:7)
  A dart slug (D:1)
  8 orcs
  4 ball pythons
  A bat (D:1)
  4 endoplasms
  A giant cockroach (D:1)
  6 hobgoblins
  3 kobolds
  A quokka (D:3)
  2 frilled lizards
  2 goblins
  A rat (D:2)
91 creatures vanquished.

Vanquished Creatures (collateral kills)
  Psyche (D:8)
  A hornet (D:9)
  Grinder (D:6)
  A vampire mosquito (D:10)
  An orc warrior (D:8)
  A sky beast (D:7)
  An ice beast (D:6)
  A centaur (D:10)
  A phantom (D:7)
  2 kobold brigands (D:5)
  3 bullfrogs
  4 scorpions
  7 wights
  2 killer bees (D:4)
  A howler monkey (D:6)
  4 bombardier beetles
  2 jellies (D:5)
  A gnoll bouda (D:6)
  4 orc priests
  Terence (D:2)
  A sleepcap (D:6)
  2 orc wizards
  11 gnolls
  4 adders
  A shadow imp (D:8)
  3 dart slugs
  5 ribbon worms
  12 orcs
  3 endoplasms
  2 giant cockroaches
  5 goblins
  6 hobgoblins
  4 quokkas
  4 ball pythons
  2 bats (D:3)
  A frilled lizard (D:3)
  12 kobolds
  A rat (D:1)
119 creatures vanquished.

Vanquished Creatures (others)
  An orc wizard (D:8)
  36 blazeheart cores
37 creatures vanquished.

Grand Total: 247 creatures vanquished

Notes
Turn   | Place    | Note
-------+----------+-------------------------------------------
     0 | D:1      | croobank the Felid Summoner began the quest for the Orb.
     0 | D:1      | Reached XP level 1. HP: 9/9 MP: 4/4
    95 | D:1      | Reached XP level 2. HP: 6/13 MP: 1/6
   640 | D:1      | Found a faded altar of an unknown god.
   678 | D:1      | Reached XP level 3. HP: 16/16 MP: 4/7
   784 | D:1      | Learned a level 2 spell: Call Imp
   795 | D:1      | Learned a level 3 spell: Call Canine Familiar
  1490 | D:2      | Reached XP level 4. HP: 21/21 MP: 1/9
  1490 | D:2      | Gained a life (2 lives remaining)
  1678 | D:2      | Noticed Terence
  1688 | D:2      | Killed Terence
  2053 | D:3      | Reached XP level 5. HP: 25/25 MP: 3/10
  2058 | D:3      | Learned a level 4 spell: Summon Blazeheart Golem
  2207 | D:3      | Found a sparkling altar of Nemelex Xobeh.
  2901 | D:3      | Reached skill level 1 in Fighting
  2906 | D:3      | Reached skill level 1 in Fire Magic
  3147 | D:4      | Gained mutation: You are covered in thick fur. (AC +2)
                  | [Felid growth]
  3147 | D:4      | Reached XP level 6. HP: 30/30 MP: 2/11
  3221 | D:4      | You fall into a shaft and drop 2 floors!
  3238 | D:6      | Noticed an ice beast
  3252 | D:6      | Noticed Grinder
  3288 | D:6      | Noticed Eustachio
  3328 | D:6      | Gained mutation: Your flesh is heat resistant. (rF+)
                  | [potion of mutation]
  3328 | D:6      | Gained mutation: Your health recovers twice as slowly from
                  | being drained. [potion of mutation]
  3334 | D:6      | Mangled by Eustachio
  3334 | D:6      | Lost a life (1 life remaining)
  3369 | D:6      | Mangled by an ice beast
  3369 | D:6      | Lost a life (0 lives remaining)
  3421 | D:5      | Entered Level 5 of the Dungeon
  3429 | D:5      | Found a stormy altar of Qazlal.
  3431 | D:5      | Noticed a fire elemental
  3432 | D:5      | Noticed an air elemental
  3432 | D:5      | Noticed a water elemental
  3532 | D:5      | Reached skill level 5 in Summonings
  3685 | D:4      | Noticed a nameless horror
  3711 | D:4      | Killed a nameless horror
  3858 | D:4      | Reached skill level 5 in Stealth
  4055 | D:4      | Found an ancient bone altar of Kikubaaqudgha.
  4067 | D:4      | Became a worshipper of Kikubaaqudgha
  4151 | D:4      | Found a basalt altar of Yredelemnul.
  4305 | D:4      | Found Ureqypt's General Store.
  4317 | D:4      | Bought a scroll of fog for 56 gold pieces
  4317 | D:4      | Bought a scroll of identify for 28 gold pieces
  4317 | D:4      | Bought a potion of brilliance for 56 gold pieces
  4386 | D:4      | Reached skill level 5 in Dodging
  4386 | D:4      | Reached XP level 7. HP: 35/35 MP: 8/13
  4386 | D:4      | Gained a life (1 life remaining)
  4433 | D:4      | Found a snail-covered altar of Cheibriados.
  4539 | D:4      | Found a shimmering blue altar of Sif Muna.
  4542 | D:4      | Found a radiant altar of Vehumet.
  4772 | D:5      | Found a staircase to the Ecumenical Temple.
  5806 | D:5      | Reached XP level 8. HP: 27/39 MP: 10/15
  5844 | D:5      | Learned a level 4 spell: Summon Lightning Spire
  5985 | D:6      | Killed Eustachio
  5986 | D:6      | Reached skill level 1 in Air Magic
  6302 | D:6      | Reached * piety under Kikubaaqudgha
  6302 | D:6      | Received a gift from Kikubaaqudgha
  6313 | D:6      | Noticed Blork the orc
  6325 | D:6      | Killed Blork the orc
  6638 | D:6      | Killed Grinder
  6659 | D:6      | Slain by a gnoll
  6659 | D:6      | Lost a life (0 lives remaining)
  7105 | D:6      | Reached XP level 9. HP: 45/45 MP: 12/16
  7924 | D:7      | Found a glowing golden altar of the Shining One.
  7967 | D:7      | Noticed Prince Ribbit
  7987 | D:7      | Killed Prince Ribbit
  7988 | D:7      | Reached skill level 5 in Fire Magic
  8421 | D:7      | Found a blossoming altar of Fedhas.
  8846 | D:8      | Reached skill level 5 in Spellcasting
  9181 | D:8      | Reached ** piety under Kikubaaqudgha
  9585 | D:8      | Reached XP level 10. HP: 34/51 MP: 7/19
  9585 | D:8      | Gained a life (1 life remaining)
  9785 | D:8      | Reached skill level 5 in Air Magic
  9944 | D:8      | Found Cid Raes's Magic Scroll Boutique.
  9954 | D:8      | Reached skill level 5 in Fighting
  9960 | D:8      | Identified the +7 sling "Mirphynt" {flame, rF- rCorr Dex+5}
 10025 | D:8      | Bought a scroll of revelation for 112 gold pieces
 10025 | D:8      | Bought a scroll of identify for 30 gold pieces
 10080 | D:8      | Identified the +2 pair of gloves of Saiq {-Cast rElec rN++
                  | Str+3}
 10083 | D:8      | Noticed Psyche
 10111 | D:8      | Killed Psyche
 10595 | D:9      | Noticed Erica
 10625 | D:9      | Killed Erica
 10626 | D:9      | Succumbed to Erica's bolt of poison
 10626 | D:9      | Lost a life (0 lives remaining)
 10677 | D:9      | Noticed a two-headed ogre
 10687 | D:9      | Killed a two-headed ogre
 10829 | D:9      | Noticed Pikel
 10856 | D:9      | Killed Pikel
 11440 | D:9      | Found an opulent altar of Gozag.
 11932 | D:10     | Entered Level 10 of the Dungeon
 12096 | D:10     | Noticed a gargoyle
 12106 | D:10     | Killed a gargoyle
 12107 | D:10     | Reached XP level 11. HP: 35/56 MP: 4/21
 12223 | D:10     | Noticed Sonja
 12234 | D:10     | Killed Sonja
 12604 | D:10     | Found Isuz's General Store.
 12607 | D:10     | Bought a scroll of fog for 56 gold pieces
 12607 | D:10     | Bought a scroll of teleportation for 42 gold pieces
 12659 | D:10     | Noticed an orc knight
 12659 | D:10     | Noticed a centaur warrior
 12659 | D:10     | Noticed a five-headed hydra
 12659 | D:10     | Noticed an occultist
 12659 | D:10     | Noticed a tengu warrior
 12659 | D:10     | Noticed a seven-headed hydra
 12673 | D:10     | HP: 1/56 [seven-headed hydra (7)]
 12673 | D:10     | Mangled by a seven-headed hydra

Illustrated notes

Levels and vault maps discovered:
D:1:      zaba_arrival_water, layout_basic,
          hellmonk_ecumenical_altar_arch_garden, minmay_fountain_box,
          nicolae_grassy_gnolls
D:2:      layout_basic, uniq_terence
D:3:      layout_loops_ring, mainiacjoe_overflow_small_starburst,
          chequers_serial_rivers_micro_c, reono_crystal_passage,
          minmay_quadrilaterals
D:4:      layout_loops_ring, lemuel_crystal_altar, kiku_gazebo_garden_becter,
          mainiacjoe_overflow_brackets,
          chequers_temple_overflow_statue_of_worship, serial_shops,
          nicolae_square_shop, hangedman_decor_riveting
D:5:      cheibrodos_thug_alley, layout_basic, nicolae_qazlal_style_of_elements,
          minmay_temple_entry_arrows
D:6:      layout_basic, hangedman_decor_lopped, minivault_4, uniq_grinder,
          uniq_eustachio, uniq_blork_the_orc
D:7:      layout_basic, mainiacjoe_overflow_cross_hatched, tso_altar,
          uniq_prince_ribbit1
D:8:      cheibrodos_helix_gallery, layout_loops_ring, serial_shops,
          nicolae_shop_competitors_out_of_business, uniq_psyche
D:9:      layout_stronghold, nicolae_gozag_seed_capital, uniq_pikel, uniq_erica
D:10:     minmay_the_grid_triangle_9x9_rhombus_thin_mashed
          [minmay_the_grid_triangle_9x9_windchime,
          minmay_the_grid_triangle_9x9_prize_top_heavy,
          minmay_the_grid_triangle_9x9_descending_squares,
          minmay_the_grid_triangle_9x9_minimal], layout_cave_pools,
          general_overflow_altar, lair_entry_dummy, serial_shops,
          nicolae_shop_tiny_real_fake_doors, uniq_sonja

Skill      XL: |  1  2  3  4  5  6  7  8  9 10 11 |
---------------+----------------------------------+-----
Dodging        | 3 4 5 6 7 8 9 |  9.1
Stealth        | 3 4 5 6 8 9 |  9.7
Spellcasting   | 3 4 5 6 |  6.3
Fighting       | 1 2 3 4 6 |  6.2
Fire Magic     | 1 2 3 4 5 |  5.0
Summonings     | 5 6 7 |  7.7
Air Magic      | 2 4 6 |  6.8

Action                     |  1- 3 |  4- 6 |  7- 9 | 10-12 || total
---------------------------+-------+-------+-------+-------++-------
  Melee: Unarmed           |    45 |    71 |    67 |    14 ||   197
         Bite              |     4 |    15 |     5 |     4 ||    28
   Cast: Summon Small Mamm |    32 |    20 |    17 |     2 ||    71
         Call Imp          |     7 |    16 |    15 |     3 ||    41
         Call Canine Famil |     6 |    15 |     8 |     3 ||    32
         Summon Blazeheart |       |     3 |    33 |    26 ||    62
         Summon Lightning  |       |       |     6 |     1 ||     7
  Evoke: Wand              |       |       |     2 |     8 ||    10
    Use: Potion            |     1 |     2 |     2 |       ||     5
         Scroll            |       |    13 |     3 |     4 ||    20
   Stab: Distracted        |     2 |       |     1 |     1 ||     4
         Sleeping          |     3 |     5 |     2 |       ||    10
         Paralysed         |       |       |     2 |       ||     2
 Armour: Skin              |    14 |    39 |    58 |    36 ||   147
  Dodge: Dodged            |    48 |   106 |   128 |   100 ||   382
